 Dungeon Crawl Stone Soup version 0.26-a0-812-g31a745ddcd (webtiles) character file.

Game seed: 11638848363966860836

523 kae the Ruffian (level 7, -2/56 HPs)
             Began as a Green Draconian Transmuter on Nov 24, 2020.
             Was an Initiate of Wu Jian.
             Slain by a wight
             ... wielding a cursed +4 long sword
              (11 damage)
             ... on level 5 of the Dungeon.
             The game lasted 00:03:24 (4406 turns).

kae the Ruffian (Green Draconian Transmuter)        Turns: 4406, Time: 00:03:24

Health: -2/56      AC:  7    Str: 14    XL:     7   Next: 2%
Magic:  9/11       EV: 12    Int: 14    God:    Wu Jian [......]
Gold:   245        SH:  0    Dex: 11    Spells: 8/12 levels left

rFire    . . .     SeeInvis .     - Unarmed
rCold    . . .     Faith    .   (no shield)
rNeg     . . .     Spirit   .   (armour unavailable)
rPois    +         Reflect  .   (helmet restricted)
rElec    .         Harm     .   (no cloak)
rCorr    .         Rampage  .   o - +0 pair of gloves
MR       .....                  (no boots)
Stlth    +.........             (no amulet)
HPRegen  0.18/turn              (no ring)
MPRegen  0.12/turn              (no ring)

@: drained
A: breathe noxious fumes, unfitting armour, poison resistance, cold-blooded, AC
+6
a: Breathe Noxious Fumes, Renounce Religion


You were on level 5 of the Dungeon.
You worshipped Wu Jian.
Wu Jian was noncommittal.
You visited 2 branches of the dungeon, and saw 6 of its levels.

You collected 245 gold pieces.

Inventory:

Armour
 o - a +0 pair of gloves (worn)
Jewellery
 b - a cursed amulet of inaccuracy {unknown}
 p - an uncursed ring of positive energy {unknown}
Scrolls
 a - a scroll of magic mapping {unknown}
 d - a scroll of amnesia
 e - 3 scrolls of teleportation
 h - 2 scrolls of remove curse
 l - 2 scrolls of identify
 m - a scroll of fear {unknown}
Potions
 c - 2 potions of might {unknown}
 f - a potion of mutation
 g - a potion of resistance {unknown}
 i - 2 potions of magic
 j - a potion of flight
 k - 2 potions of heal wounds {unknown}
 n - a potion of degeneration {unknown}
 q - a potion of lignification {unknown}


   Skills:
 + Level 2.8(2.1) Fighting
 + Level 2.9(2.2) Dodging
 * Level 4.6(3.8) Unarmed Combat
 + Level 3.0(2.2) Spellcasting
 * Level 4.2(3.4) Transmutations
 - Level 3.0(2.3) Poison Magic


You had 8 spell levels left.
You knew the following spells:

 Your Spells              Type           Power        Failure   Level
a - Beastly Appendage     Tmut           ##....       5%          1
b - Spider Form           Tmut/Pois      #.........   22%         3

Your spell library contained the following spells:

 Spells                   Type           Power        Failure   Level
 Wereblood                Tmut           ##......     9%          2
 Freeze                   Ice            #...         24%         1
 Magic Dart               Conj           #...         24%         1
 Searing Ray              Conj           #.....       34%         2
 Dazzling Flash           Conj/Hex       #.....       56%         3
 Frozen Ramparts          Ice            #.....       56%         3
 Ozocubu's Armour         Ice            #.......     56%         3
 Ice Form                 Ice/Tmut       #.......     75%         4
 Blade Hands              Tmut           ##........   83%         5
 Fulminant Prism          Conj/Hex       #.........   93%         4
 Hailstorm                Conj/Ice       #.......     93%         4
 Iskenderun's Mystic Bla  Conj/Tloc      #.......     93%         4
 Summon Ice Beast         Ice/Summ       #.......     93%         4


Dungeon Overview and Level Annotations

Branches:
Dungeon (5/15)             Temple (1/1) D:4

Altars:
Cheibriados
Dithmenos
Elyvilon
Gozag
Hepliaklqana
Makhleb
Nemelex Xobeh
Sif Muna
Trog
Uskayaw
Vehumet
Wu Jian
Xom
Yredelemnul
The Shining One


Innate Abilities, Weirdness & Mutations

You can breathe blasts of noxious fumes.
Your lurid green scales are hard. (AC +6)
You cannot fit into any form of body armour.
Your system is resistant to poisons. (rPois)
You are cold-blooded and may be slowed by cold attacks.


Message History

You hit the wight.
The wight is severely damaged.
Your transformation has ended.
Your +0 pair of gloves unmelds from your body.
The wight hits you with a cursed +4 long sword.
You feel drained.
You hit the wight but do no damage.
The wight is severely damaged.
You hit the wight but do no damage.
The wight is severely damaged.
The wight misses you.
You closely miss the wight.
You tail-slap the wight, but do no damage.
The wight is severely damaged.
The wight hits you with a cursed +4 long sword!
* * * LOW HITPOINT WARNING * * *
You hit the wight.
The wight is almost destroyed.
The wight hits you with a cursed +4 long sword!
You die...

############
#...@z...รท.#
#############.########.#
...>..........# #.#
......####.#### #.##
.####.# #.# #..# (# #.#
#.# ###z# .# #.# #.#
#...# ## #.# #># #)#.#
.####.# #.. #...#


You could see a wight.

Vanquished Creatures
  A big kobold (D:4)
  A scorpion (D:4)
  A wight (D:5)
  An orc priest (D:5)
  A jelly (D:2)
  2 iguanas (D:4)
  3 worker ants
  A hound skeleton (D:5)
  6 adders
  2 oozes
  3 worms
  3 leopard geckos
  4 orcs
  5 giant cockroaches
  11 goblins
  12 hobgoblins
  A jackal (D:5)
  4 quokkas
  A ball python (D:2)
  14 bats
  3 frilled lizards
  8 kobolds
  10 rats
98 creatures vanquished.

Notes
Turn   | Place    | Note
-------+----------+-------------------------------------------
     0 | D:1      | kae the Draconian Transmuter began the quest for the Orb.
     0 | D:1      | Reached XP level 1. HP: 16/16 MP: 3/3
   201 | D:1      | Reached XP level 2. HP: 15/23 MP: 3/5
   690 | D:1      | Reached XP level 3. HP: 27/28 MP: 4/6
   695 | D:1      | Learned a level 3 spell: Spider Form
  1228 | D:2      | Reached XP level 4. HP: 24/36 MP: 5/7
  2033 | D:3      | Reached XP level 5. HP: 39/41 MP: 3/8
  2373 | D:3      | Reached skill level 1 in Poison Magic
  2526 | D:3      | Found a faded altar of an unknown god.
  3072 | D:4      | Found a shimmering blue altar of Sif Muna.
  3139 | D:4      | Found a staircase to the Ecumenical Temple.
  3145 | D:4      | Reached XP level 6. HP: 50/50 MP: 6/10
  3159 | Temple   | Entered the Ecumenical Temple
  3373 | Temple   | Became a worshipper of the Wu Jian Council
  4056 | D:5      | Entered Level 5 of the Dungeon
  4396 | D:5      | Your scales start taking on a lurid green colour.
  4396 | D:5      | Reached XP level 7. HP: 26/56 MP: 8/11
  4396 | D:5      | Gained mutation: Your system is resistant to poisons.
                  | (rPois) [Green Draconian growth]
  4406 | D:5      | Slain by a wight

Illustrated notes

Levels and vault maps discovered:
D:1:      roderic_chinese_lattice_arrival, layout_rooms,
          chequers_serial_rivers_micro_c, hex_intersection
D:2:      layout_basic
D:3:      layout_rooms, chequers_ecumenical_altar_simple_redux
D:4:      layout_basic, marbit_many_paths, minmay_temple_entry_offerings
D:5:      layout_loops_ring, serial_shops, shop, kennysheep_path_1,
          hangedman_minor_gate_pass, uniq_ijyb
Temple:   dpeg_chambers_temple

Skill      XL: |  1  2  3  4  5  6 |
---------------+-------------------+-----
Dodging        | 2 |  2.9
Fighting       | 2 |  2.8
Transmutations | 3 4 |  4.2
Poison Magic   | 1 3 |  3.0
Unarmed Combat | 4 |  4.6
Spellcasting   | 3 |  3.0

Action                   |  1- 3 |  4- 6 |  7- 9 || total
-------------------------+-------+-------+-------++-------
Melee: Unarmed           |   110 |   207 |    10 ||   327
       Headbutt          |     8 |    10 |       ||    18
       Kick              |     8 |    15 |       ||    23
       Tailslap          |     3 |    16 |     1 ||    20
       Punch             |       |     1 |       ||     1
 Cast: Beastly Appendage |    17 |    30 |       ||    47
       Spider Form       |       |    10 |       ||    10
Invok: Lunge             |       |     5 |       ||     5
  Use: Scroll            |       |     9 |       ||     9
Armor: Skin              |    53 |    60 |       ||   113
Dodge: Dodged            |    99 |   158 |     5 ||   262

Table legend: (Time is in decaauts)
 A = Elapsed time spent in this place.
 B = Non-inter-level travel time spent in this place.
 C = Inter-level travel time spent in this place.
 D = Time resting spent in this place.
 E = Time spent auto-exploring this place.
 F = Levels seen in this place.
 G = Mean time per level.
                   A        B        C        D        E       F      G
               +--------+--------+--------+--------+--------+-----+--------+
         Total |   4385 |   4241 |    144 |     21 |   3462 |   6 |  730.8 |
       Dungeon |   4143 |   4039 |    104 |     21 |   3262 |   5 |  828.6 |
        Temple |    241 |    201 |     40 |      0 |    200 |   1 |  241.0 |
               +--------+--------+--------+--------+--------+-----+--------+

Top non-repeatable levels by time:
     D:1: 1057 daAuts
     D:2: 956 daAuts
     D:3: 907 daAuts
     D:4: 873 daAuts
     D:5: 347 daAuts
  Temple: 241 daAuts
